 Dungeon Crawl Stone Soup version 0.30-a0-457-g4b7bca3bfa (webtiles) character file.

Game seed: 16518435696814478002

244 kurumiz the Poker (level 6, -1/61 (62) HPs)
             Began as an Ogre Gladiator on Dec 14, 2022.
             Splashed by a jelly's acid (10 damage)
             ... on level 7 of the Dungeon.
             The game lasted 00:14:23 (3355 turns).

kurumiz the Poker (Ogre Gladiator)                  Turns: 3355, Time: 00:14:23

HP:   -1/61 (62)    AC: -1    Str: 21    XL:     6   Next: 10%
MP:   6/6           EV: 14    Int:  9    God:
Gold: 126           SH:  0    Dex: 10    Spells: 5/5 levels left

rFire   . . .      SeeInvis .    a - +0 trident
rCold   . . .      Faith    .    (no shield)
rNeg    . . .      Spirit   .    b - +0 robe
rPois   +          Reflect  .    c - +0 hat
rElec   .          Harm     .    (no cloak)
rCorr   .          Rampage  .    (gloves unavailable)
Will    .....                    (boots unavailable)
Stlth   +.........               (no amulet)
HPRegen 0.30/turn                u - +4 ring of evasion
MPRegen 0.10/turn                r - ring of poison resistance

@: lethally poisoned (-1 -> -3), corroded, flying, lightly drained
A: large, unfitting armour, tough skin 1
a: no special abilities


You were on level 7 of the Dungeon.
You visited 1 branch of the dungeon, and saw 5 of its levels.

You collected 126 gold pieces.

Inventory:

Hand Weapons
 a - a +0 trident (weapon)
 j - a +0 sling
 s - a +0 dagger of venom
 v - a +0 flail of draining
 x - a +1 spear of venom
Missiles
 d - 3 throwing nets (quivered)
 e - a large rock
 t - 3 boomerangs of dispersal
 w - 3 silver javelins
 y - 3 poisoned darts
Armour
 b - a +0 robe (worn)
 c - a +0 hat (worn)
Jewellery
 n - a ring of resist corrosion
 r - a ring of poison resistance (right hand)
 u - a +4 ring of evasion (left hand)
Scrolls
 g - a scroll of noise {unknown}
 i - 3 scrolls of teleportation {unknown}
 k - 2 scrolls of poison {unknown}
 p - 3 scrolls of identify {unknown}
 z - a scroll of enchant weapon {unknown}
Potions
 f - 3 potions of brilliance {unknown}
 h - 2 potions of might {unknown}
 l - 2 potions of flight
 m - 2 potions of magic
 o - 2 potions of curing {unknown}
 q - 2 potions of attraction {unknown}


   Skills:
 + Level 4.0 Fighting
 + Level 5.1 Polearms
 + Level 2.1 Throwing
 + Level 3.6 Dodging
 + Level 1.2 Stealth


You had 5 spell levels left.
You didn't know any spells.
Your spell library contained the following spells:

 Spells                   Type           Power      Damage    Failure   Level
 Freeze                   Ice            0%         1d3       38%         1
 Magic Dart               Conj           0%         1d3       38%         1
 Call Imp                 Summ           0%         N/A       52%         2
 Frozen Ramparts          Ice            0%         1d1       77%         3
 Hailstorm                Conj/Ice       0%         3d3       77%         3
 Mephitic Cloud           Conj/Pois/Air  0%         N/A       77%         3
 Summon Lightning Spire   Summ/Air       0%         N/A       99%         4
 Storm Form               Tmut/Air       0%         N/A       100%        7
 Maxwell's Capacitive Co  Air            0%         ∞         100%        8


Dungeon Overview and Level Annotations

Branches:
Dungeon (4/15)
 Temple: D:4-7

Altars:
Elyvilon
Trog

Shops:
D:3 *((


Innate Abilities, Weirdness & Mutations

You are too large for most types of armour.
You have tough skin. (AC +1)


Message History

The scorpion attacks as you move away! The scorpion stings you.
The scorpion attacks as you move away! The scorpion barely misses you.
The scorpion attacks as you move away! The scorpion misses you.
A jelly comes into view.
You see here a viscous golden potion.
The jelly quivers.
You puncture the scorpion!
The scorpion is heavily wounded.
The scorpion stings you.
You are poisoned.
The scorpion poisons you! The scorpion stings you.
You hit the scorpion.
The scorpion is severely wounded.
You feel very sick. The scorpion misses you.
The gnoll hits you but does no damage.
You closely miss the scorpion.
The scorpion is severely wounded.
You feel sick. The scorpion misses you. The gnoll misses you.
You hit the scorpion.
You kill the scorpion!
You feel sick. The gnoll misses you.
Your Fighting skill increases to level 4!
Your Polearms skill increases to level 5!
You have reached level 6!
You feel stronger.
You puncture the jelly! The acid corrodes you!
Your hands burn!
The jelly is heavily wounded.
You feel sick. The jelly hits you.
You are splashed with acid!
* * * LOW HITPOINT WARNING * * *
The gnoll barely misses you.
It was a potion of flight.
You feel very buoyant.
You fly up into the air.
You feel sick. The jelly misses you.
The gnoll hits you from afar with a +0 spear.
* * * LOW HITPOINT WARNING * * *
It was a potion of magic.
Magic courses through your body.
You feel sick. The jelly hits you.
* * * LOW HITPOINT WARNING * * *
You are splashed with acid!
You die...

#............
............
...........
#..........
#......>...
#..........
#...J......
#..@...#
##.!....#
#...g...#
#.......#
#.......#.......
#....)..+........
#.......#.......#
#.......#.......#
#...............#


You could see a jelly and a gnoll.

Vanquished Creatures
  A scorpion (D:7)
  2 orc wizards
  5 adders
  A worm (D:2)
  5 dart slugs
  8 orcs
  4 ball pythons
  9 bats
  4 endoplasms
  3 giant cockroaches
  4 goblins
  4 hobgoblins
  5 jackals (D:1)
  2 quokkas
  6 frilled lizards
  8 kobolds
  5 rats
76 creatures vanquished.

Notes
Turn   | Place    | Note
-------+----------+-------------------------------------------
     0 | D:1      | kurumiz the Ogre Gladiator began the quest for the Orb.
     0 | D:1      | Reached XP level 1. HP: 22/22 MP: 1/1
   106 | D:1      | Reached XP level 2. HP: 23/29 MP: 2/2
   807 | D:1      | Reached XP level 3. HP: 36/36 MP: 3/3
  1401 | D:2      | Reached skill level 4 in Polearms
  1401 | D:2      | Reached XP level 4. HP: 41/45 MP: 4/4
  1824 | D:3      | Found a glowing drain.
  1994 | D:2      | Reached XP level 5. HP: 35/53 MP: 5/5
  2192 | D:3      | Found Ethrawnale's Antique Weapon Shoppe.
  2347 | D:3      | Reached skill level 1 in Stealth
  2387 | D:3      | Found Ytweires's Assorted Antiques.
  2456 | D:3      | Found a large runed translucent door.
  2465 | D:3      | Found a large runed translucent door.
  2821 | D:3      | Found Epsempi's Weapon Emporium.
  3021 | D:3      | Found a white marble altar of Elyvilon.
  3029 | D:3      | Found a bloodstained altar of Trog.
  3309 | D:4      | You fall into a shaft and drop 3 floors!
  3353 | D:7      | Reached skill level 5 in Polearms
  3353 | D:7      | Reached XP level 6. HP: 29/61 MP: 6/6
  3355 | D:7      | Splashed by a jelly's acid

Illustrated notes

Levels and vault maps discovered:
D:1:      elethiomel_arrival_infinity_welcomes_careful_drivers,
          layout_loops_ring
D:2:      minmay_general_purpose_star, layout_basic
D:3:      layout_loops_ring, jmf_multi_god_temple2, serial_shops,
          nicolae_shop_bloodbath_and_beyond, nicolae_shop_statue_plus, shop,
          cheibrodos_sewer_entry_sluice
D:4:      layout_basic, mainiacjoe_overflow_tiny_flanked
D:7:      layout_basic, serial_curves, eino_curves_01, eino_curves_04,
          dk_noncrumbling_2

Skill      XL: |  1  2  3  4  5 |
---------------+----------------+-----
Dodging        | 3 |  3.6
Fighting       | 3 4 |  4.0
Polearms       | 4 5 |  5.1
Stealth        | 1 |  1.2
Throwing       | |  2.1

Action                   |  1- 3 |  4- 6 || total
-------------------------+-------+-------++-------
Melee: Trident           |   144 |   109 ||   253
       Punch             |     1 |     1 ||     2
  Use: Potion            |       |     2 ||     2
 Stab: Sleeping          |     2 |     4 ||     6
Armor: Robe              |    39 |    20 ||    59
Dodge: Dodged            |    68 |    76 ||   144

Table legend: (Time is in decaauts)
 A = Elapsed time spent in this place.
 B = Non-inter-level travel time spent in this place.
 C = Inter-level travel time spent in this place.
 D = Time resting spent in this place.
 E = Time spent auto-exploring this place.
 F = Levels seen in this place.
 G = Mean time per level.
                   A        B        C        D        E       F      G
               +--------+--------+--------+--------+--------+-----+--------+
         Total |   3385 |   2895 |    490 |      0 |   1997 |   5 |  677.0 |
       Dungeon |   3385 |   2895 |    490 |      0 |   1997 |   5 |  677.0 |
               +--------+--------+--------+--------+--------+-----+--------+

Top non-repeatable levels by time:
     D:3: 1086 daAuts
     D:2: 1082 daAuts
     D:1: 991 daAuts
     D:4: 179 daAuts
     D:7: 46 daAuts
